 Dungeon Crawl Stone Soup version 0.30-a0-305-g026cb31310 (webtiles) character file.

Game seed: 13935410785022871375

477 billz999 the Covert (level 6, -15/43 HPs)
             Began as a Vampire Earth Elementalist on Oct 21, 2022.
             Demolished by a hornet (16 damage)
             ... on level 5 of the Dungeon.
             The game lasted 00:07:11 (3604 turns).

billz999 the Covert (Vampire Earth Elementalist)    Turns: 3604, Time: 00:07:13

Health: -15/43     AC:  4    Str:  7    XL:     6   Next: 85%
Magic:  3/9        EV: 12    Int: 19    God:
Gold:   420        SH:  0    Dex: 15    Spells: 8/9 levels left

rFire   . . .      SeeInvis +    w - +2 rapier (elec)
rCold   . . .      Faith    .    (no shield)
rNeg    . . .      Spirit   .    a - +0 robe
rPois   .          Reflect  .    p - +2 hat
rElec   .          Harm     .    (no cloak)
rCorr   .          Rampage  .    (no gloves)
Will    .....                    (no boots)
Stlth   ++++......               (no amulet)
HPRegen 0.47/turn                (no ring)
MPRegen 0.11/turn                (no ring)

@: lethally poisoned (-15 -> -24), healing quickly, slowed, very slow
A: alive, fangs 3, see invisible, vampiric 2
a: Exsanguinate


You were on level 5 of the Dungeon.
You visited 1 branch of the dungeon, and saw 5 of its levels.
You also visited: Sewer.

You collected 420 gold pieces.

Inventory:

Hand Weapons
 e - a +0 short sword
 q - a +0 short sword of venom
 w - a +2 rapier of electrocution (weapon)
Armour
 a - a +0 robe (worn)
 p - a +2 hat (worn)
Jewellery
 n - a ring of protection from cold
 t - an amulet of magic regeneration
 v - a ring of ice
Wands
 s - a wand of polymorph (7)
Scrolls
 c - 2 scrolls of identify {unknown}
 d - 4 scrolls of poison {unknown}
 f - 3 scrolls of fear {unknown}
 g - 3 scrolls of amnesia {unknown}
 h - a scroll of summoning {unknown}
 i - a scroll of immolation {unknown}
 j - 2 scrolls of magic mapping {unknown}
 m - 4 scrolls of teleportation {unknown}
 o - a scroll of torment {unknown}
 r - a scroll of enchant weapon {unknown}
 y - a scroll of brand weapon {unknown}
Potions
 b - a potion of magic
 k - 5 potions of curing
 l - a potion of brilliance {unknown}
 u - a potion of might {unknown}
 x - a potion of haste {unknown}
 z - 2 potions of heal wounds {unknown}
 A - a potion of flight {unknown}


   Skills:
 - Level 1.4 Fighting
 + Level 3.2 Short Blades
 - Level 2.2 Dodging
 * Level 9.7 Stealth
 - Level 2.0 Spellcasting
 - Level 1.8 Transmutations
 - Level 3.0 Earth Magic


You had 8 spell levels left.
You knew the following spells:

 Your Spells              Type           Power      Damage    Failure   Level
a - Sandblast             Erth           26%        2d8       4%          1

Your spell library contained the following spells:

 Spells                   Type           Power      Damage    Failure   Level
 Passwall                 Tmut/Erth      9%         N/A       10%         2
 Static Discharge         Conj/Air       2%         2-3/arc   26%         2
 Stone Arrow              Conj/Erth      14%        3d7       26%         3
 Vhi's Electric Charge    Tloc/Air       2%         N/A       45%         3
 Petrify                  Tmut/Erth      11%        N/A       54%         4
 Passage of Golubria      Tloc           1%         N/A       86%         4
 Summon Ice Beast         Ice/Summ       1%         N/A       86%         4
 Arcjolt                  Conj/Air       0%         1d10      99%         5
 Lightning Bolt           Conj/Air       0%         1d11      99%         5
 Silence                  Hex/Air        0%         N/A       99%         5
 Summon Mana Viper        Hex/Summ       1%         N/A       99%         5
 Monstrous Menagerie      Summ           0%         N/A       100%        7
 Lehudib's Crystal Spear  Conj/Erth      3%         10d3      100%        8


Dungeon Overview and Level Annotations

Branches:
Dungeon (5/15)              Sewer (visited)
 Temple: D:4-7

Altars:

Shops:
D:1 [   D:4 =


Innate Abilities, Weirdness & Mutations

Your natural rate of healing is accelerated.
You have razor-sharp teeth.
You have supernaturally acute eyesight. (SInv)
You are afflicted with vampirism and can become a bat while bloodless.


Message History

The ice beast hits you but does no damage.
Aiming: Polymorph
Press: ? - help, Shift-Dir - straight line, f/p - ice beast
Aim: an ice beast (lightly wounded, will become a hornet, a wyvern, or a water moccasin, chance to affect: 49%)
The ice beast evaporates and reforms as a hornet!
The hornet barely misses you.
Casting: Sandblast (safe; 4% risk of failure)
Confirm with . or Enter, or press ? or * to list all spells.
Aiming: Sandblast (safe; 4% risk of failure)
Press: ? - help, Shift-Dir - straight line, f/p - hornet
Aim: a hornet (moderately wounded, 73% to hit)
The blast of sand hits the hornet but does no damage.
The hornet is moderately wounded.
The hornet closely misses you. The hornet misses you.
Unknown command.
Casting: Sandblast (safe; 4% risk of failure)
Confirm with . or Enter, or press ? or * to list all spells.
Aiming: Sandblast (safe; 4% risk of failure)
Press: ? - help, Shift-Dir - straight line, f/p - hornet
Aim: a hornet (moderately wounded, 73% to hit)
The blast of sand hits the hornet but does no damage.
The hornet is moderately wounded.
The hornet closely misses you. The hornet stings you.
You feel yourself slow down.
Casting: Sandblast (safe; 4% risk of failure)
Confirm with . or Enter, or press ? or * to list all spells.
Aiming: Sandblast (safe; 4% risk of failure)
Press: ? - help, Shift-Dir - straight line, f/p - hornet
Aim: a hornet (moderately wounded, 73% to hit)
The blast of sand hits the hornet but does no damage.
The hornet is moderately wounded.
You feel yourself speed up. The hornet stings you!
* * * LOW HITPOINT WARNING * * *
You are lethally poisoned!
You feel yourself slow down. The hornet stings you!
* * * LOW HITPOINT WARNING * * *
You feel as though you will be slow longer.
The hornet stings you!
You die...

............#
.#..)..#...#####
.....[....$.....#
..#####)....###.#
........)†.# #.#
########.### #.#
#)# #.#
#.#####.###
#.y@.....<#
#######...# #.###
#...########
#.#.....^...
#.########## #.#
#.### #...#


You could see a hornet.

Vanquished Creatures
  Pargi (Sewer)
  A phantom (D:4)
  A scorpion (D:4)
  A howler monkey (D:5)
  A hound (D:5)
  3 orc wizards
  2 adders
  3 worms (D:4)
  3 dart slugs
  9 orcs
  3 bats
  6 endoplasms
  3 giant cockroaches
  6 hobgoblins
  3 jackals
  2 quokkas (D:1)
  10 ball pythons
  4 frilled lizards
  3 goblins
  12 kobolds
  8 rats
85 creatures vanquished.

Vanquished Creatures (others)
  3 toadstools (D:3)
3 creatures vanquished.

Grand Total: 88 creatures vanquished

Notes
Turn   | Place    | Note
-------+----------+-------------------------------------------
     0 | D:1      | billz999 the Vampire Earth Elementalist began the quest for
                  | the Orb.
     0 | D:1      | Reached XP level 1. HP: 13/13 MP: 3/3
   322 | D:1      | Reached skill level 4 in Stealth
   322 | D:1      | Reached XP level 2. HP: 19/19 MP: 0/5
   846 | D:1      | Found Harebbiqonk's Antique Armour Shoppe.
   973 | D:1      | Reached skill level 5 in Stealth
  1215 | D:2      | Gained mutation: You are afflicted with vampirism and can
                  | become a bat while bloodless. [Vampire growth]
  1215 | D:2      | Reached XP level 3. HP: 24/24 MP: 3/6
  1257 | D:2      | Found a faded altar of an unknown god.
  2370 | D:3      | Reached skill level 6 in Stealth
  2395 | D:3      | Found a glowing drain.
  2400 | Sewer    | Entered a sewer
  2410 | Sewer    | Reached XP level 4. HP: 31/31 MP: 5/7
  2479 | Sewer    | Noticed Pargi
  2498 | Sewer    | Killed Pargi
  2499 | Sewer    | Reached skill level 1 in Fighting
  2499 | Sewer    | Reached skill level 1 in Short Blades
  2499 | Sewer    | Reached skill level 7 in Stealth
  2499 | Sewer    | Reached XP level 5. HP: 20/37 MP: 0/8
  2895 | D:4      | Noticed a phantom
  2904 | D:4      | Found Cueckidgh's Jewellery Emporium.
  2905 | D:4      | Killed a phantom
  2906 | D:4      | Reached skill level 8 in Stealth
  3018 | D:4      | Reached XP level 6. HP: 32/43 MP: 2/9
  3343 | D:4      | Reached skill level 9 in Stealth
  3529 | D:5      | Entered Level 5 of the Dungeon
  3580 | D:5      | Noticed an ice beast
  3601 | D:5      | an ice beast changed into a hornet
  3601 | D:5      | Noticed a hornet
  3604 | D:5      | HP: 1/43 [hornet (8)]
  3604 | D:5      | Demolished by a hornet

Illustrated notes

Levels and vault maps discovered:
D:1:      dpeg_arrival_leaves_temple_mockup, layout_basic, serial_shops,
          shop_statue, minmay_misc_feat_iff
D:2:      layout_basic, basic_ecumenical_altar, minmay_pentomino_u4
D:3:      layout_basic, portal_sewer_entry_e, minmay_gold_behind_fungi,
          minivault_11
D:4:      layout_rooms, serial_shops, nicolae_take_the_stairs
D:5:      layout_loops_ring, fedhas_altar_1, zin_angel,
          hellmonk_bongcloud_opening, st_stairs_2, moated_statue,
          dk_rats_in_the_wall, uniq_sigmund, uniq_prince_ribbit1, uniq_edmund

Skill      XL: |  1  2  3  4  5  6 |
---------------+-------------------+-----
Stealth        | 4 5 6 7 8 9 |  9.7
Fighting       | 1 |  1.4
Short Blades   | 1 2 3 |  3.2
Dodging        | |  2.2
Spellcasting   | |  2.0
Transmutations | |  1.8
Earth Magic    | |  3.0

Action                   |  1- 3 |  4- 6 || total
-------------------------+-------+-------++-------
Melee: Short sword       |     7 |     3 ||    10
       Rapier            |       |    34 ||    34
       Bite              |       |     2 ||     2
 Cast: Sandblast         |    89 |    49 ||   138
Evoke: Wand              |       |     1 ||     1
  Use: Potion            |     1 |     2 ||     3
 Stab: Sleeping          |     1 |     8 ||     9
Armor: Robe              |    10 |    26 ||    36
Dodge: Dodged            |    33 |    56 ||    89

Table legend: (Time is in decaauts)
 A = Elapsed time spent in this place.
 B = Non-inter-level travel time spent in this place.
 C = Inter-level travel time spent in this place.
 D = Time resting spent in this place.
 E = Time spent auto-exploring this place.
 F = Levels seen in this place.
 G = Mean time per level.
                   A        B        C        D        E       F      G
               +--------+--------+--------+--------+--------+-----+--------+
         Total |   3692 |   3595 |     97 |      2 |   2979 |   6 |  615.3 |
       Dungeon |   3423 |   3326 |     97 |      2 |   2800 |   5 |  684.6 |
         Sewer |    268 |    268 |      0 |      0 |    179 |   1 |  268.0 |
               +--------+--------+--------+--------+--------+-----+--------+

Top non-repeatable levels by time:
     D:1: 1097 daAuts
     D:2: 927 daAuts
     D:3: 671 daAuts
     D:4: 649 daAuts
   Sewer: 268 daAuts
     D:5: 78 daAuts
